 Dungeon Crawl Stone Soup version 0.27-a0-249-g74f53ef629 (webtiles) character file.

Game seed: 5386214311699917586

32 hatsuma the Charlatan (level 3, -8/32 HPs)
             Began as a Deep Dwarf Artificer on Feb 4, 2021.
             Killed themself with a badly aimed iceblast (18 damage)
             ... on level 2 of the Dungeon.
             The game lasted 00:08:10 (1054 turns).

hatsuma the Charlatan (Deep Dwarf Artificer)        Turns: 1054, Time: 00:08:13

Health: -8/32      AC:  5    Str: 16    XL:     3   Next: 8%
Magic:  3/3        EV: 10    Int: 11    God:
Gold:   122        SH:  5    Dex: 13    Spells: 2/2 levels left

rFire    . . .     SeeInvis .   k - +0 whip
rCold    . . .     Faith    .   m - +2 buckler
rNeg     . . .     Spirit   .   g - +0 ring mail
rPois    .         Reflect  .   (no helmet)
rElec    .         Harm     .   (no cloak)
rCorr    .         Rampage  .   (no gloves)
Will     +....                  (no boots)
Stlth    +.........             (no amulet)
HPRegen  0.00/turn              f - ring of willpower
MPRegen  0.08/turn              (no ring)

@: non-regenerating
A: damage resistance, heal wounds, sense surroundings 1, no regeneration
a: Heal Wounds


You were on level 2 of the Dungeon.
You visited 1 branch of the dungeon, and saw 2 of its levels.

You collected 122 gold pieces.

Inventory:

Hand Weapons
 k - a +0 whip (weapon)
Missiles
 l - 17 bolts
Armour
 g - a +0 ring mail (worn)
 m - a +2 buckler (worn)
Jewellery
 a - a +4 ring of evasion {unknown}
 f - a ring of willpower (left hand)
 p - an uncursed amulet of faith {unknown}
Wands
 c - a wand of flame (12) (quivered)
 d - a wand of charming (15)
 e - a wand of random effects (11)
Scrolls
 i - a scroll of magic mapping {unknown}
 j - a scroll of remove curse {unknown}
 o - a scroll of identify {unknown}
Potions
 b - a potion of ambrosia {unknown}
 h - a potion of heal wounds {unknown}
 n - a potion of curing {unknown}


   Skills:
 - Level 2.0 Fighting
 - Level 3.2 Armour
 - Level 1.1 Dodging
 - Level 1.2 Stealth
 + Level 0.0 Shields
 - Level 4.0 Evocations


You had 2 spell levels left.
You didn't know any spells.
Your spell library was empty.

Dungeon Overview and Level Annotations

Branches:
Dungeon (2/15)

Altars:


Innate Abilities, Weirdness & Mutations

You are resistant to damage.
You can heal yourself by infusing magical energy.
You passively map a small area around you.
You do not regenerate.


Message History

You hit the adder.
You kill the adder!
The goblin misses you.
Your Armour skill increases to level 3!
You have reached level 3!
Your experience leads to an increase in your attributes!
Increase (S)trength, (I)ntelligence, or (D)exterity?
You feel stronger.
You miss the goblin. The goblin hits you but does no damage.
The goblin completely misses you.
You barely miss the goblin. The goblin hits you but does no damage.
You closely miss the goblin. The goblin barely misses you.
Aiming: Random Effects
Press: ? - help, Shift-Dir - straight line, f - worm
Aim: a worm The mass of ice explodes!
The iceblast engulfs the worm!!
You kill the worm!
The iceblast engulfs you!!
Ouch! That really hurt!
You die...

.... , ....... ,
#.... ,
,......., , *
##... ....... ,
, ......
,....... ,
...g..###.......
, #...s†..[....
, ,
####S#....... ,
#g#.......
#@#.w..... , *
#†#....... , *
#.....#### ,
##..?..** *
...... .... ,
..... .....# ,


You could see a scorpion, an adder and a goblin.

Vanquished Creatures
  An adder (D:2)
  2 worms (D:2)
  A leopard gecko (D:1)
  2 bats (D:1)
  A goblin (D:1)
  5 jackals (D:1)
  2 kobolds (D:1)
  A frilled lizard (D:1)
  5 rats (D:1)
20 creatures vanquished.

Notes
Turn   | Place    | Note
-------+----------+-------------------------------------------
     0 | D:1      | hatsuma the Deep Dwarf Artificer began the quest for the
                  | Orb.
     0 | D:1      | Reached XP level 1. HP: 16/16 MP: 1/1
   121 | D:1      | Reached skill level 1 in Fighting
   523 | D:1      | Reached XP level 2. HP: 13/26 MP: 2/2
  1041 | D:2      | Noticed a scorpion
  1051 | D:2      | Reached XP level 3. HP: 10/32 MP: 3/3
  1054 | D:2      | Killed themself with a badly aimed iceblast

Illustrated notes

Levels and vault maps discovered:
D:1:      mrwooster_arrival_statue_3, layout_basic,
          hangedman_abyss_or_decor_stabs
D:2:      layout_rooms, minitemple

Skill      XL: |  1  2 |
---------------+-------+-----
Fighting       | 1 2 |  2.0
Armour         | 3 |  3.2
Dodging        | |  1.1
Stealth        | |  1.2
Evocations     | |  4.0

Action                   || total
-------------------------++-------
Melee: Club              ||    20
       Whip              ||    46
Evoke: Wand              ||     7
Armor: Ring mail         ||    39
       Leather armour    ||     1
Dodge: Dodged            ||    55
Block: Buckler           ||    16

Table legend: (Time is in decaauts)
 A = Elapsed time spent in this place.
 B = Non-inter-level travel time spent in this place.
 C = Inter-level travel time spent in this place.
 D = Time resting spent in this place.
 E = Time spent auto-exploring this place.
 F = Levels seen in this place.
 G = Mean time per level.
                   A        B        C        D        E       F      G
               +--------+--------+--------+--------+--------+-----+--------+
         Total |   1067 |   1017 |     50 |    200 |    154 |   2 |  533.5 |
       Dungeon |   1067 |   1017 |     50 |    200 |    154 |   2 |  533.5 |
               +--------+--------+--------+--------+--------+-----+--------+

Top non-repeatable levels by time:
     D:1: 1031 daAuts
     D:2: 35 daAuts
